 Dungeon Crawl Stone Soup version 0.32-a0-961-gd60f5e5fc7 (webtiles) character file.

Game seed: 1634233948372457596

75 araganzar the Changeling (level 4, -4/34 HPs)
             Began as a Demonspawn Shapeshifter on Apr 18, 2024.
             Splashed by a jelly's acid (6 damage)
             ... on level 3 of the Dungeon.
             The game lasted 00:06:16 (2258 turns).

araganzar the Changeling (Demonspawn Shapeshifter)  Turns: 2258, Time: 00:06:17

Health: -4/34      AC: -3    Str: 15    XL:     4   Next: 11%
Magic:  4/4        EV: 10    Int: 10    God:
Gold:   175        SH:  0    Dex: 14    Spells: 3/3 levels left

rFire   . . .        j - +1 dagger (venom)
rCold   . . .        (no shield)
rNeg    . . .        h - +0 ring mail
rPois   .            (helmet currently unavailable)
rElec   .            (cloak currently unavailable)
rCorr   .            (gloves currently unavailable)
SInv    .            (boots currently unavailable)
Will    .....        (no amulet)
Stlth   +            (no ring)
HPRegen 0.25/turn    (no ring)
MPRegen 0.18/turn

%: no passive effects
@: beast-form, corroded, attractive
A: beast (slay +2), magic regeneration, weakness stinger 1
a: Begin Untransformation


You were on level 3 of the Dungeon.
You were a hulking beast.
You visited 1 branch of the dungeon, and saw 3 of its levels.

You collected 175 gold pieces.


Innate Abilities, Weirdness & Mutations

You are a hulking beast.
Your limbs bulge with bestial killing power. (Slay +2)
You regenerate magic rapidly.
You have a small tail.


   Skills:
 + Level 2.8 Fighting
 - Level 1.7 Dodging
 - Level 2.6 Unarmed Combat
 + Level 3.5 Shapeshifting


You had 3 spell levels left.
You didn't know any spells.
Your spell library contained the following spells:

 Spells                   Type           Power      Damage    Failure   Level
 Ensorcelled Hibernation  Hex/Ice        0%         N/A       75%         2
 Fugue of the Fallen      Necr           0%         N/A       92%         3
 Anguish                  Hex/Necr       0%         N/A       100%        4
 Summon Lightning Spire   Summ/Air       0%         N/A       100%        4
 Permafrost Eruption      Ice/Erth       0%         2x4d1     100%        6

Inventory:

Hand Weapons
 j - a +1 dagger of venom (weapon)
   (You took it off a kobold on level 1 of the Dungeon)
Missiles
 l - 2 poisoned darts
 o - 6 javelins (quivered)
 w - 2 throwing nets {=f, !d}
Armour
 a - a +0 animal skin
 h - a +0 ring mail (worn)
   (You found it on level 1 of the Dungeon)
 s - a +0 helmet
   (You found it on level 3 of the Dungeon)
 u - a +0 buckler
   (You found it on level 3 of the Dungeon)
Talismans
 c - a beast talisman (active)
 d - a flux talisman
Scrolls
 e - 4 scrolls of identify {unknown}
 f - a scroll of revelation {unknown}
 i - a scroll of fog {unknown}
 k - 2 scrolls of enchant weapon {unknown}
 n - a scroll of torment {unknown}
 t - a scroll of teleportation {unknown}
Potions
 b - a potion of lignification {!q}
 g - 2 potions of enlightenment {unknown}
 m - a potion of haste {unknown}
 p - a potion of ambrosia {unknown}
 q - a potion of attraction {!q}
 r - 2 potions of cancellation {unknown}
 v - a potion of berserk rage {unknown}

.......#.#...#.....#............
.......+.#.###.###.###.#.######
.......###.#...# #..†..#.#
.......#.#.###.###.###...#
.......#.#...#.....#...###
#####†.......###.###..##
#......... #.#....#
####..........###.#..#
#..............h..#.##
##..............J#...#
................^..###
.................###
.................#
.................#
.................#
...#######+##....# ...#
##+##....#


You could see a jelly.


Message History

You now have 175 gold pieces (gained 15).
v - a white potion;
w - 2 throwing nets {=f, !d}
e - 4 scrolls labelled GETEMO BUSIGO (gained 1)
You see here an adder corpse.
The jelly quivers.
You puncture the jelly!
Your hands burn!
Your tail-slap misses the jelly.
The jelly hits you.
You are splashed with acid!
You take 14 damage, and have 20/34 hp.
MASSIVE DAMAGE!!
You hit the jelly. The acid corrodes you!
Your hands burn!
You tail-slap the jelly, but do no damage.
The jelly barely misses you.
You take 2 damage, and have 18/34 hp.
Unknown command.
You hit the jelly but do no damage.
Your hands burn!
The jelly closely misses you.
You take 2 damage, and have 16/34 hp.
Unknown command.
You hit the jelly. The acid corrodes you!
Your hands burn!
You tail-slap the jelly, but do no damage.
The jelly hits you.
You are splashed with acid!
* * * LOW HITPOINT WARNING * * *
You take 13 damage, and have 3/34 hp.
MASSIVE DAMAGE!!
It was a potion of attraction.
You feel attractive to monsters. The jelly hits you.
* * * LOW HITPOINT WARNING * * *
The acid corrodes you!
You are splashed with acid.
You die...

Action                     |  1- 3 |  4- 6 || total
---------------------------+-------+-------++-------
  Melee: Unarmed           |    41 |       ||    41
         Dagger            |    65 |     8 ||    73
         Tailslap          |     6 |     3 ||     9
    Use: Potion            |       |     1 ||     1
 Armour: Animal skin       |     6 |       ||     6
         Ring mail         |    47 |     4 ||    51
  Dodge: Dodged            |    57 |     9 ||    66

Levels and vault maps discovered:
D:1:      eino_arrival_druids_welcome, layout_basic, serial_shops, shop
D:2:      layout_basic, serial_co_window_serial, co_window_paths_a,
          co_window_paths_a, co_window_corner_a, co_window_cross_1,
          co_window_paths_b, co_window_of_opportunity_a,
          co_window_of_opportunity_a, co_window_cross_3, co_window_corner_cb,
          co_window_2corner, co_window_of_opportunity_c, glass_columns_b,
          glass_columns_b, glass_columns_c
D:3:      layout_basic, fedhas_altar_3, hellmonk_ecumenical_altar_leap_of_faith,
          minmay_quantized

Notes
Turn   | Place    | Note
-------+----------+-------------------------------------------
     0 | D:1      | araganzar the Demonspawn Shapeshifter began the quest for
                  | the Orb.
     0 | D:1      | Reached XP level 1. HP: 15/15 MP: 1/1
    59 | D:1      | Found Duast's Magic Scroll Boutique.
   176 | D:1      | Reached skill level 3 in Shapeshifting
   176 | D:1      | Gained mutation: You regenerate magic rapidly. [demonic
                  | ancestry]
   176 | D:1      | Reached XP level 2. HP: 8/22 MP: 2/2
   301 | D:1      | Reached skill level 2 in Fighting
   639 | D:1      | Gained mutation: You have a small tail. [demonic ancestry]
   639 | D:1      | Reached XP level 3. HP: 27/27 MP: 3/3
   757 | D:1      | Got the Octavo of Vapour and Congelation
  1898 | D:3      | Found a blossoming altar of Fedhas.
  2115 | D:3      | Reached XP level 4. HP: 10/34 MP: 4/4
  2257 | D:3      | HP: 3/34 [acid (8)]
  2258 | D:3      | Splashed by a jelly's acid

Vanquished Creatures
  A gnoll (D:1)
  3 adders (D:3)
  A ribbon worm (D:3)
  5 bats
  2 endoplasms
  2 giant cockroaches (D:2)
  5 goblins
  3 hobgoblins
  2 jackals (D:1)
  A quokka (D:1)
  4 ball pythons
  A frilled lizard (D:1)
  4 kobolds
  3 rats
37 creatures vanquished.
